 Dungeon Crawl Stone Soup version 0.17.0-57-g0e89251 (console) character file.

4306 Kloppie the Destroyer (level 10, -5/83 HPs)
             Began as a Black Draconian Conjurer on Dec 7, 2015.
             Was a Follower of Vehumet.
             Slain by an orc warlord
             ... wielding a +0 great mace
              (33 damage)
             ... in a bailey.
             The game lasted 00:21:00 (10197 turns).

Kloppie the Destroyer (Black Draconian Conjurer)   Turns: 10197, Time: 00:21:00

Health: -5/83      AC: 14    Str: 10    XL:     10   Next: 11%
Magic:  12/27      EV: 12    Int: 19    God:    Vehumet [*.....]
Gold:   513        SH:  0    Dex: 12    Spells: 5 memorised, 4 levels left

rFire  . . .     SeeInvis .     m - +2 mace (protect)
rCold  . . .     Clarity  .     (armour unavailable)
rNeg   . . .     SustAt   .     (no shield)
rPois  +         Gourm    .     (helmet restricted)
rElec  +         Spirit   .     (no cloak)
rCorr  .         Warding  .     p - +1 pair of gloves
rMut   .         Stasis   .     (no boots)
MR     .....                    (no amulet)
Stlth  ++........               v - ring of poison resistance
                                j - ring of magical power

@: not resistant to hostile enchantments, unstealthy
A: breathe lightning, unfitting armour, electricity resistance, cold-blooded, AC
+7
a: Breathe Lightning, Renounce Religion


You were in a bailey.
You worshipped Vehumet.
Vehumet was aware of your devotion.
You were hungry.

You visited 2 branches of the dungeon, and saw 10 of its levels.
You also visited: Bailey.

You collected 513 gold pieces.

Inventory:

Hand Weapons
 m - a +2 mace of protection (weapon)
 u - a +0 quarterstaff
 H - a +1 quarterstaff of speed
Armour
 p - a +1 pair of gloves (worn)
Jewellery
 j - a ring of magical power (left hand)
 l - an uncursed ring of wizardry {unknown}
 v - a ring of poison resistance (right hand)
 C - an uncursed amulet of faith
 I - an uncursed amulet of the gourmand {unknown}
Wands
 q - a wand of fire (10)
 y - a wand of random effects (13)
 z - a wand of polymorph (7)
 A - a wand of flame (17)
Scrolls
 c - 3 scrolls of enchant armour
 d - a scroll of recharging
 g - 4 scrolls of remove curse
 h - a scroll of fog
 i - a scroll of magic mapping
 n - a scroll of amnesia
 x - 2 scrolls of teleportation
 B - a scroll of identify
 D - a scroll of noise {unknown}
 G - a scroll of brand weapon {unknown}
Potions
 e - 8 potions of curing
 f - a potion of might
 o - a potion of agility
 r - a potion of heal wounds {unknown}
 s - a potion of cancellation
 t - a potion of berserk rage
 w - 2 potions of haste
 J - a potion of beneficial mutation {unknown}
Books
 a - a book of Conjurations

   Spells                             Type                      Level
   a - Magic Dart                     Conjuration                  1
   b - Searing Ray                    Conjuration                  2
   c - Dazzling Spray                 Conjuration/Hexes            3
   d - Fulminant Prism                Conjuration/Hexes            4
   e - Iskenderun's Mystic Blast      Conjuration                  4
   f - Iskenderun's Battlesphere      Conjuration/Charms           5
Comestibles
 b - 5 bread rations
 k - 2 meat rations
 E - 2 beef jerkies
 F - 3 chunks of flesh


   Skills:
 + Level 6.1 Fighting
 - Level 1.7 Dodging
 - Level 1.7 Stealth
 - Level 5.6 Spellcasting
 + Level 8.4 Conjurations
 - Level 6.1 Hexes
 + Level 6.4 Charms


You had 4 spell levels left.
You knew the following spells:

 Your Spells              Type           Power        Failure   Level  Hunger
a - Magic Dart            Conj           ####         1%          1    None
b - Searing Ray           Conj           #####.       1%          2    None
c - Iskenderun's Mystic   Conj           #####...     4%          4    ####...
d - Iskenderun's Battles  Conj/Chrm      ####....     17%         5    #####..
e - Fulminant Prism       Conj/Hex       ####......   8%          4    ####...


Dungeon Overview and Level Annotations

Branches:
Dungeon (9/15)             Temple (1/1) D:7
   Lair: D:8-11         Orc: D:9-12

Altars:
Ashenzari
Cheibriados
Dithmenos
Gozag
Nemelex Xobeh
Okawaru
Qazlal
Vehumet
Xom
The Shining One

Shops:
D:5 [

Annotations:
D:5 Edmund


Innate Abilities, Weirdness & Mutations

You can breathe wild blasts of lightning.
Your glossy black scales are hard (AC +7).
Your body does not fit into most forms of armour.
You are resistant to electric shocks.
You are cold-blooded and may be slowed by cold attacks.


Message History

The orc warlord hits you with a great mace!!
Casting: Searing Ray
Confirm with . or Enter, or press ? or * to list all spells.
Aiming: Searing Ray
Press: ? - help, Shift-Dir - straight line, f/p - orc warlord
Aim: an orc warlord, wielding a great mace and wearing a plate armour (moderately wounded)
The searing ray hits the orc warlord.
The orc warlord is moderately wounded.
Your battlesphere fires!
The barrage of energy hits the orc warlord.
The orc warlord is moderately wounded.
Your battlesphere expends the last of its energy and dissipates.
The orc warlord hits you with a great mace!!
* * * LOW HITPOINT WARNING * * *
The searing ray hits the orc warlord.
The orc warlord is heavily wounded.
The searing ray hits the orc warlord.
The orc warlord is heavily wounded.
The orc warlord hits you with a great mace!!
You die...

#...........#... ##
###......)..##...
##.##
###.###.....###♣...
.....##
###.....#'#.### ♣♣♣♣
.......###......)..###
♣
........#....§......#
......).#.).........#
..⌠.....#.....⌠)....#
........'...o@......#
........#.).........#
.......###.........##
.....## ###.....###
##.## ###.### # ###


You could see an orc warlord.

Vanquished Creatures
  Joseph (D:8)
  The ghost of PossumBlood the Chopper, an amateur MiFi of Okawaru (D:4)
  Prince Ribbit (D:8)
  Sigmund (D:5)
  A wyvern (D:6)
  2 hungry ghosts (D:7)
  Duvessa (D:7)
  4 orc warriors
  An ice beast (D:6)
  2 phantoms (D:8)
  2 sky beasts
  7 ogres
  A centaur (D:5)
  Blork the orc (D:5)
  3 water moccasin zombies
  A gnoll sergeant (D:5)
  Dowan (D:7)
  2 scorpions (D:6)
  4 crimson imps
  A hound (D:6)
  A jelly (D:7)
  2 orc priests
  A giant frog zombie (D:8)
  3 orc wizards
  A giant frog skeleton (D:4)
  A centaur skeleton (D:7)
  6 worker ants
  2 iguanas
  A hound skeleton (D:6)
  13 gnolls
  A shadow imp (D:8)
  5 adders
  An ooze (D:5)
  3 worms
  2 giant geckos
  26 orcs
  A ball python (D:4)
  14 goblins
  19 hobgoblins
  2 jackals (D:6)
  3 kobolds
  7 bats
  6 giant cockroaches
  2 giant gecko skeletons
  A giant gecko zombie (D:7)
  6 giant newts
  3 quokkas
  7 rats
178 creatures vanquished.

Vanquished Creatures (others)
  6 bushes (D:4)
  4 fulminant prisms (Bailey)
10 creatures vanquished.

Grand Total: 188 creatures vanquished

Notes
Turn   | Place    | Note
--------------------------------------------------------------
     0 | D:1      | Kloppie the Draconian Conjurer began the quest for the Orb.
     0 | D:1      | Reached XP level 1. HP: 14/14 MP: 3/3
   969 | D:1      | Reached XP level 2. HP: 20/20 MP: 3/5
  1052 | D:1      | Learned a level 2 spell: Searing Ray
  1548 | D:2      | Reached XP level 3. HP: 26/26 MP: 0/7
  1668 | D:2      | Found a faded altar to an unknown god.
  1739 | D:2      | Found an opulent altar of Gozag.
  2313 | D:3      | Found a shattered altar of Ashenzari.
  2741 | D:3      | Reached XP level 4. HP: 33/33 MP: 5/8
  2801 | D:3      | Learned a level 4 spell: Iskenderun's Mystic Blast
  2889 | D:4      | Noticed an ogre
  2909 | D:3      | Killed an ogre
  2909 | D:3      | Reached skill level 5 in Conjurations
  2909 | D:3      | Reached XP level 5. HP: 8/38 MP: 0/10
  3373 | D:4      | Noticed PossumBlood's ghost (amateur MiFi)
  3502 | D:5      | Entered Level 5 of the Dungeon
  3579 | D:5      | Noticed a centaur
  3585 | D:5      | Noticed a sky beast
  3588 | D:5      | Killed a centaur
  3588 | D:5      | Reached XP level 6. HP: 29/45 MP: 3/12
  3628 | D:5      | Killed a sky beast
  3628 | D:5      | Reached skill level 6 in Conjurations
  3850 | D:5      | Found Seczuuc's Antique Armour Boutique.
  3872 | D:5      | Noticed Sigmund
  4189 | D:5      | Noticed Blork the orc
  4198 | D:5      | Killed Blork the orc
  4198 | D:5      | Reached skill level 5 in Spellcasting
  4198 | D:5      | Your scales start taking on a glossy black colour.
  4198 | D:5      | Gained mutation: You are resistant to electric shocks. [Black Draconian growth]
  4198 | D:5      | Reached XP level 7. HP: 50/50 MP: 5/14
  4344 | D:5      | Learned a level 5 spell: Iskenderun's Battlesphere
  4349 | D:5      | Learned a level 4 spell: Fulminant Prism
  4631 | D:5      | Noticed an ogre
  4638 | D:5      | Killed an ogre
  4638 | D:5      | Reached skill level 7 in Conjurations
  4946 | D:5      | Killed Sigmund
  4946 | D:5      | Reached skill level 1 in Hexes
  4946 | D:5      | Reached skill level 1 in Charms
  5044 | D:5      | Noticed Edmund
  5109 | D:4      | Noticed an ogre
  5115 | D:4      | Killed an ogre
  5119 | D:4      | Noticed an ogre
  5130 | D:4      | Killed an ogre
  5130 | D:4      | Reached XP level 8. HP: 57/57 MP: 6/16
  5385 | D:4      | Killed PossumBlood's ghost
  5682 | D:4      | Noticed an ogre
  5688 | D:4      | Killed an ogre
  5688 | D:4      | Reached skill level 8 in Conjurations
  6210 | D:6      | Found a stormy altar of Qazlal.
  6330 | D:6      | Reached skill level 1 in Fighting
  6376 | D:6      | Found a shimmering altar of Xom.
  6378 | D:6      | Found a glowing golden altar of the Shining One.
  6860 | D:6      | Reached XP level 9. HP: 68/68 MP: 13/17
  7169 | D:7      | Noticed Duvessa
  7169 | D:7      | Noticed Dowan
  7181 | D:7      | Killed Duvessa
  7184 | D:7      | Killed Dowan
  7657 | D:7      | Reached skill level 5 in Charms
  7966 | D:7      | Found a staircase to the Ecumenical Temple.
  7972 | Temple   | Entered the Ecumenical Temple
  8036 | Temple   | Became a worshipper of Vehumet
  8357 | D:7      | Reached skill level 5 in Hexes
  8847 | D:8      | Found a shadowy altar of Dithmenos.
  8977 | D:8      | Reached skill level 5 in Fighting
  9288 | D:8      | Noticed Joseph
  9302 | D:8      | Killed Joseph
  9306 | D:8      | Noticed Prince Ribbit
  9316 | D:8      | Killed Prince Ribbit
  9515 | D:8      | Reached XP level 10. HP: 83/83 MP: 18/18
  9809 | D:9      | Found a sparkling altar of Nemelex Xobeh.
  9834 | D:9      | Found a flagged portal.
  9856 | Bailey   | Entered a bailey
  9896 | Bailey   | Reached * piety under Vehumet
  9896 | Bailey   | Offered knowledge of Freeze by Vehumet.
 10183 | Bailey   | Noticed an orc warlord
 10197 | Bailey   | Slain by an orc warlord

Action                   |  1- 3 |  4- 6 |  7- 9 | 10-12 || total
-------------------------+-------+-------+-------+-------++-------
Melee: Unarmed           |    10 |       |       |       ||    10
       Mace              |    11 |    12 |   135 |    24 ||   182
 Cast: Magic Dart        |    73 |    21 |   103 |    30 ||   227
       Searing Ray       |     1 |    12 |    39 |     5 ||    57
       Iskenderun's Batt |       |       |     3 |     1 ||     4
       Iskenderun's Myst |       |       |     2 |       ||     2
       Fulminant Prism   |       |       |       |     4 ||     4
  Use: Scroll            |       |       |    18 |       ||    18
 Stab: Sleeping          |     1 |       |     2 |       ||     3
  Eat: Chunk             |     6 |     3 |    15 |     3 ||    27
       Pizza             |       |     1 |       |       ||     1
       Bread ration      |       |       |     1 |       ||     1
